 Dungeon Crawl Stone Soup version 0.19.5 (webtiles) character file.

1213 McKennaii the Stinger (level 8, -4/50 HPs)
             Began as an Octopode Venom Mage on May 1, 2017.
             Was an Initiate of Sif Muna.
             Slain by a slime creature (21 damage)
             ... on level 6 of the Dungeon.
             The game lasted 00:18:48 (5715 turns).

McKennaii the Stinger (Octopode Venom Mage)         Turns: 5715, Time: 00:18:49

Health: -4/50      AC: -3    Str:  7    XL:     8   Next: 46%
Magic:  12/23      EV: 12    Int: 17    God:    Sif Muna [......]
Gold:   183        SH:  7    Dex: 20    Spells: 2 memorised, 11 levels left

rFire  . . .     SeeInvis +     F - +9 scimitar "Pitwiw" {slice, rN+ MP+9 Dex+5}
rCold  . . .     Gourm    +     d - +0 shield
rNeg   + . .     Faith    .     (helmet restricted)
rPois  +         Spirit   .     s - amulet of the gourmand
rElec  .         Reflect  .     i - ring of stealth
rCorr  .         Harm     .     v - ring of stealth
MR     .....                    w - ring of poison resistance
Stlth  ++++++....               x - ring of see invisible
                                (no ring)
                                (no ring)
                                (no ring)
                                (no ring)

@: corroded, very slightly contaminated
A: almost no armour, stealthy swim, amphibious, 8 rings, constrict 8, camouflage
1, gelatinous body 1
a: Renounce Religion


You were on level 6 of the Dungeon.
You worshipped Sif Muna.
Sif Muna was noncommittal.
You were full.

You visited 2 branches of the dungeon, and saw 7 of its levels.

You collected 417 gold pieces.
You spent 234 gold pieces at shops.

Inventory:

Hand Weapons
 F - the +9 scimitar "Pitwiw" (weapon) {slice, rN+ MP+9 Dex+5}
   (You bought it in a shop on level 5 of the Dungeon)

   It inflicts extra damage upon your enemies.
   It affects your dexterity (+5).
   It protects you from negative energy.
   It affects your magic capacity (+9).
Armour
 d - a +0 shield (worn)
Jewellery
 i - a ring of stealth (left tentacle)
 s - an amulet of the gourmand (around mantle)
 v - a ring of stealth (right tentacle)
 w - a ring of poison resistance (on tentacle)
 x - a ring of see invisible (on tentacle)
Scrolls
 e - a scroll of fear {unknown}
 f - a scroll of teleportation {unknown}
 g - 5 scrolls of remove curse {unknown}
 h - a scroll of fog {unknown}
 m - 4 scrolls of noise {unknown}
 r - 2 scrolls of enchant armour {unknown}
 y - 3 scrolls of identify {unknown}
 A - a scroll of amnesia {unknown}
 B - 2 scrolls of enchant weapon {unknown}
 D - a scroll of recharging {unknown}
 E - a scroll of random uselessness {unknown}
 H - a scroll of magic mapping {unknown}
Potions
 j - a potion of mutation {unknown}
 l - 2 potions of magic {unknown}
 n - 4 potions of curing {unknown}
 p - 3 potions of flight {unknown}
 t - a potion of haste {unknown}
 u - a potion of lignification {unknown}
 z - a potion of agility {unknown}
 C - a potion of cure mutation {unknown}
 G - 2 potions of berserk rage {unknown}
Books
 a - a Young Poisoner's Handbook

   Spells                             Type                      Level
   a - Sting                          Conjuration/Poison           1
   b - Mephitic Cloud                 Conjuration/Poison/Air       3
   c - Olgreb's Toxic Radiance        Poison                       4
   d - Alistair's Intoxication        Transmutation/Poison         5
   e - Venom Bolt                     Conjuration/Poison           5
Comestibles
 b - 5 bread rations
 c - 3 beef jerkies
 k - 3 slices of pizza
 o - 4 meat rations
 q - a fruit


   Skills:
 + Level 1.8 Fighting
 + Level 2.8 Long Blades
 + Level 3.5 Dodging
 + Level 4.3 Stealth
 + Level 0.8 Shields
 + Level 4.4 Spellcasting
 + Level 4.4 Conjurations
 + Level 0.2 Air Magic
 + Level 7.6 Poison Magic


You had 11 spell levels left.
You knew the following spells:

 Your Spells              Type           Power        Failure   Level  Hunger
a - Sting                 Conj/Pois      ###.         10%         1    None
b - Mephitic Cloud        Conj/Pois/Air  ###.....     58%         3    ###....


Dungeon Overview and Level Annotations

Branches:
Dungeon (6/15)             Temple (1/1) D:6

Altars:
Ashenzari
Cheibriados
Dithmenos
Elyvilon
Fedhas
Gozag
Hepliaklqana
Kikubaaqudgha
Makhleb
Nemelex Xobeh
Okawaru
Qazlal
Ru
Sif Muna
Trog
Uskayaw
Vehumet
Xom
Yredelemnul
Zin
The Shining One

Shops:
D:5 (   D:6 (}


Innate Abilities, Weirdness & Mutations

You cannot wear most types of armour.
You are very stealthy in the water. (Stealth+)
You are amphibious.
You can wear up to eight rings at the same time.
You can use your tentacles to constrict eight enemies at once.
Your skin changes colour to match your surroundings (Stealth+).
Your rubbery body absorbs attacks. (AC +1, EV +1)


Message History

You kill the jelly!
Sif Muna accepts your kill. You block the slime creature's attack.
Something completely misses the fungus.
Casting: Sting
Confirm with . or Enter, or press ? or * to list all spells.
Aiming: Sting
Press: ? - help, Shift-Dir - straight line, f - slime creature
Aim: a slime creature (lightly wounded)
You miscast Sting.
You feel weak for a moment. The slime creature hits you!
Something hits the fungus.
The fungus is splashed with acid.
The acid corrodes the fungus!
Casting: Sting
Confirm with . or Enter, or press ? or * to list all spells.
Aiming: Sting
Press: ? - help, Shift-Dir - straight line, f/p - slime creature
Aim: a slime creature The sting hits the slime creature.
The slime creature completely resists.
The jelly jiggles.
The slime creature hits you!!
You die...

#.#.###.. #.#.#....
#.#.#.#.# #.#.#.#.<
#.#.#.### ### #.#.#.
#.JJ# #.#.#####
P.JJJJ#### #.#......
P.JJJJJ@.#######.#######
.PJJJJ##.........#


#PJJ# #########.####### ### #........ ######### You could see a slime creature,
6 jellies and 10 oozes.

Vanquished Creatures
  A phantom (D:5)
  A sky beast (D:5)
  2 ogres (D:4)
  A necrophage (D:5)
  A scorpion (D:4)
  5 wights (D:6)
  A crimson imp (D:5)
  A bullfrog zombie (D:5)
  2 jellies (D:6)
  2 orc priests (D:4)
  Crazy Yiuf (D:4)
  Natasha (twice) (D:3)
  3 worker ants
  2 hound skeletons
  6 adders
  An ooze (D:3)
  2 adder skeletons
  3 worms
  2 dart slugs (D:3)
  3 leopard geckos
  10 orcs
  5 bats
  5 giant cockroaches
  7 goblins
  2 hobgoblins (D:1)
  9 jackals
  2 quokkas
  A ball python (D:2)
  4 frilled lizards
  7 kobolds
  7 rats
101 creatures vanquished.

Vanquished Creatures (others)
  2 fungi (D:6)
2 creatures vanquished.

Grand Total: 103 creatures vanquished

Notes
Turn   | Place    | Note
-------+----------+-------------------------------------------
     0 | D:1      | McKennaii the Octopode Venom Mage began the quest for the Orb.
     0 | D:1      | Reached XP level 1. HP: 11/11 MP: 3/3
   203 | D:1      | Reached skill level 5 in Poison Magic
   278 | D:1      | Reached XP level 2. HP: 17/17 MP: 1/5
  1042 | D:2      | Reached XP level 3. HP: 3/21 MP: 0/6
  1187 | D:2      | Found a stormy altar of Qazlal.
  1280 | D:2      | Learned a level 3 spell: Mephitic Cloud
  1902 | D:3      | Reached skill level 1 in Conjurations
  1931 | D:3      | Reached XP level 4. HP: 19/27 MP: 1/7
  2214 | D:3      | Noticed Natasha
  2219 | D:3      | Killed Natasha
  2296 | D:3      | Noticed Natasha
  2306 | D:3      | Killed Natasha
  2306 | D:3      | Reached skill level 6 in Poison Magic
  2306 | D:3      | Reached XP level 5. HP: 28/32 MP: 0/8
  2700 | D:4      | Reached XP level 6. HP: 7/37 MP: 0/10
  2980 | D:4      | Reached XP level 7. HP: 26/42 MP: 4/12
  3250 | D:4      | Found a runed door.
  3254 | D:4      | Noticed Crazy Yiuf
  3268 | D:4      | Killed Crazy Yiuf
  3303 | D:5      | Entered Level 5 of the Dungeon
  3628 | D:5      | Reached skill level 7 in Poison Magic
  3815 | D:5      | Found Hitoxt's Antique Weapon Shop.
  3828 | D:5      | Bought a slimy scimitar for 234 gold pieces
  3828 | D:5      | Identified the +9 scimitar "Pitwiw" {slice, rN+ MP+9 Dex+5} (You bought it in a shop on level 5 of the Dungeon)
  3937 | D:5      | Reached skill level 1 in Fighting
  4075 | D:5      | Reached skill level 1 in Long Blades
  4662 | D:5      | Reached XP level 8. HP: 37/48 MP: 14/14
  4752 | D:6      | Found a staircase to the Ecumenical Temple.
  4762 | Temple   | Entered the Ecumenical Temple
  4784 | Temple   | Became a worshipper of Sif Muna the Loreminder
  5516 | D:6      | Found Viur's Gadget Shop.
  5553 | D:6      | Found Qorraen's Weapon Boutique.
  5702 | D:6      | Noticed a slime creature
  5715 | D:6      | Slain by a slime creature

Skill      XL: |  1  2  3  4  5  6  7  8 |
---------------+-------------------------+-----
Poison Magic   | 5 6 7 |  7.6
Stealth        | 3 4 |  4.3
Conjurations   | 1 2 3 4 |  4.4
Spellcasting   | 3 4 |  4.4
Fighting       | 1 |  1.8
Dodging        | 3 |  3.5
Long Blades    | 1 2 |  2.8
Shields        | |  0.8
Air Magic      | |  0.2

Action                   |  1- 3 |  4- 6 |  7- 9 || total
-------------------------+-------+-------+-------++-------
Melee: Unarmed           |    17 |    18 |     8 ||    43
       Constrict         |     6 |     3 |    11 ||    20
       Tentacles         |     4 |     2 |    16 ||    22
       Falchion          |       |       |    18 ||    18
       Scimitar          |       |       |    30 ||    30
 Cast: Sting             |    77 |    76 |    83 ||   236
       Mephitic Cloud    |     1 |     1 |       ||     2
 Stab: Sleeping          |       |       |     1 ||     1
  Eat: Chunk             |     4 |     9 |    10 ||    23
Armor: Skin              |     5 |     2 |     2 ||     9
Dodge: Dodged            |    22 |    29 |    54 ||   105
Block: Shield            |       |       |    22 ||    22
       Rpst.: Falchion   |       |       |     5 ||     5
       Scimitar          |       |       |     4 ||     4
